 Dungeon Crawl Stone Soup version 0.26-a0-613-g4f23886233 (webtiles) character file.

Game seed: 3500946242702686917

282 Peloso the Skirmisher (level 6, -2/48 HPs)
             Began as a Demonspawn Fighter on Sept 11, 2020.
             Was an Initiate of Okawaru.
             Slain by a worker ant (4 damage)
             ... on level 4 of the Dungeon.
             The game lasted 00:06:14 (3170 turns).

Peloso the Skirmisher (Demonspawn Fighter)          Turns: 3170, Time: 00:06:15

Health: -2/48      AC: 13    Str: 18    XL:     6   Next: 6%
Magic:  6/6        EV:  8    Int: 10    God:    Okawaru [......]
Gold:   166        SH: 10    Dex: 18    Spells: 5/5 levels left

rFire    . . .     SeeInvis .   a - +0 long sword
rCold    . . .     Faith    .   c - +0 kite shield
rNeg     . . .     Spirit   .   b - +0 scale mail
rPois    .         Reflect  .   (helmet restricted)
rElec    .         Harm     .   (no cloak)
rCorr    .         Rnd*Tele +   (no gloves)
MR       .....                  (no boots)
Stlth    ..........             (no amulet)
HPRegen  0.16/turn              g - ring of teleportation (curse)
MPRegen  0.10/turn              f - +6 ring of dexterity

@: lethally poisoned (-2 -> -4), sanguine armour
A: antennae 1, powered by pain 1, sanguine armour 1
a: Renounce Religion


You were on level 4 of the Dungeon.
You worshipped Okawaru.
Okawaru was noncommittal.
You visited 1 branch of the dungeon, and saw 4 of its levels.

You collected 166 gold pieces.

Inventory:

Hand Weapons
 a - a +0 long sword (weapon)
Missiles
 j - 12 bolts
Armour
 b - a +0 scale mail (worn)
 c - a +0 kite shield (worn)
Jewellery
 f - a +6 ring of dexterity (right hand)
 g - a cursed ring of teleportation (left hand)
 m - a +4 ring of evasion
Wands
 o - a wand of enslavement (5)
 r - a wand of iceblast (1)
Scrolls
 k - 3 scrolls of identify
 l - 2 scrolls of teleportation
 n - 2 scrolls of blinking
Potions
 d - 3 potions of might
 h - 2 potions of flight
 i - a potion of haste
 p - a potion of magic
 q - a potion of mutation


   Skills:
 + Level 3.8 Fighting
 + Level 3.4 Long Blades
 + Level 3.8 Armour
 + Level 1.2 Dodging
 + Level 3.7 Shields
 + Level 0.1 Evocations


You had 5 spell levels left.
You didn't know any spells.
Your spell library was empty.

Dungeon Overview and Level Annotations

Branches:
Dungeon (4/15)
 Temple: D:4-7

Altars:
Okawaru


Innate Abilities, Weirdness & Mutations

You have a pair of small antennae on your head.
You sometimes gain a little power by taking damage.
When seriously injured, your bleeding wounds create armour. (AC +6)


Message History

You feel sick.
The worker ant bites you but does no damage.
The adder bites you but does no damage. The worker ant barely misses you.
The adder barely misses you.
The worker ant bites you but does no damage.
The adder barely misses you.
You riposte.
You hit the adder.
You kill the adder!
Okawaru accepts your kill.
Unknown command.
* * * LOW HITPOINT WARNING * * *
You feel sick. You block the worker ant's attack. x2
You block the worker ant's attack.
The worker ant bites you but does no damage.
Unknown command.
Unknown command.
The worker ant closely misses you.
You riposte.
You closely miss the worker ant.
The worker ant is moderately wounded.
The worker ant bites you.
You die...

## ##.# ##.?.#
##.....########
#.............##
..............$#
#...............
#.....a@...#..
#....#!a.....#
#.# ###..####
..# ..# ... .###
.#


You could see 2 worker ants.

Vanquished Creatures
  A phantom (D:4)
  An orc priest (D:3)
  A worker ant (D:4)
  5 adders
  2 worms (D:3)
  3 dart slugs
  2 leopard geckos
  5 orcs (D:3)
  5 giant cockroaches
  9 goblins
  6 hobgoblins
  9 jackals
  7 kobolds
  2 ball pythons
  9 bats
  2 frilled lizards
  7 rats
76 creatures vanquished.

Vanquished Creatures (collateral kills)
  A worm (D:3)
  2 orcs (D:3)
  A bat (D:3)
4 creatures vanquished.

Grand Total: 80 creatures vanquished

Notes
Turn   | Place    | Note
-------+----------+-------------------------------------------
     0 | D:1      | Peloso the Demonspawn Fighter began the quest for the Orb.
     0 | D:1      | Reached XP level 1. HP: 18/18 MP: 1/1
   338 | D:1      | Gained mutation: You sometimes gain a little power by
                  | taking damage. [demonic ancestry]
   338 | D:1      | Reached XP level 2. HP: 23/24 MP: 2/2
   983 | D:1      | Gained mutation: When seriously injured, your bleeding
                  | wounds create armour. (AC +6) [demonic ancestry]
   983 | D:1      | Reached XP level 3. HP: 28/29 MP: 3/3
  1654 | D:2      | Found an iron altar of Okawaru.
  1717 | D:2      | Became a worshipper of Warmaster Okawaru
  1947 | D:2      | Reached XP level 4. HP: 23/35 MP: 4/4
  2722 | D:3      | Reached XP level 5. HP: 36/41 MP: 5/5
  3114 | D:4      | Noticed a phantom
  3125 | D:4      | Killed a phantom
  3125 | D:4      | Reached skill level 1 in Dodging
  3137 | D:4      | Gained mutation: You have a pair of small antennae on your
                  | head. [demonic ancestry]
  3137 | D:4      | Reached XP level 6. HP: 21/48 MP: 6/6
  3166 | D:4      | HP: 2/48 [poisoned by a worker ant]
  3170 | D:4      | Slain by a worker ant

Illustrated notes

Levels and vault maps discovered:
D:1:      dpeg_arrival_simpleton_a, layout_basic, minmay_misc_feat_encased
D:2:      layout_basic, nicolae_overflow_crystal_walls,
          kennysheep_generic_room_14
D:3:      layout_rooms
D:4:      layout_loops_ring, small_statue_intersection, st_stairs_12,
          uniq_crazy_yiuf_cottage, uniq_natasha

Skill      XL: |  1  2  3  4  5 |
---------------+----------------+-----
Shields        | 3 |  3.7
Armour         | 3 |  3.8
Long Blades    | 2 3 |  3.4
Dodging        | 1 |  1.2
Fighting       | |  3.8
Evocations     | |  0.1

Action                   |  1- 3 |  4- 6 || total
-------------------------+-------+-------++-------
Melee: Long sword        |   159 |   121 ||   280
Evoke: Wand              |       |     5 ||     5
  Use: Potion            |     3 |       ||     3
       Scroll            |     1 |     6 ||     7
Armor: Scale mail        |   104 |    78 ||   182
Dodge: Dodged            |    63 |    51 ||   114
Block: Kite shield       |   116 |    98 ||   214
       Rpst.: Long sword |    22 |    17 ||    39

Table legend: (Time is in decaauts)
 A = Elapsed time spent in this place.
 B = Non-inter-level travel time spent in this place.
 C = Inter-level travel time spent in this place.
 D = Time resting spent in this place.
 E = Time spent auto-exploring this place.
 F = Levels seen in this place.
 G = Mean time per level.
                   A        B        C        D        E       F      G
               +--------+--------+--------+--------+--------+-----+--------+
         Total |   3253 |   3195 |     58 |     28 |   2381 |   4 |  813.2 |
       Dungeon |   3253 |   3195 |     58 |     28 |   2381 |   4 |  813.2 |
               +--------+--------+--------+--------+--------+-----+--------+

Top non-repeatable levels by time:
     D:1: 1406 daAuts
     D:3: 910 daAuts
     D:2: 855 daAuts
     D:4: 80 daAuts
